Map: Lerilak Crest

Players

Javert - Winner!

  • Race: Zerg Zerg
  • League: Grandmaster

Barcode

  • Race: Terran Terran
  • League: Grandmaster

VOD

Have the link to the VOD?

Description

Time

  • Played on: Sept. 21, 2015, 10:50 p.m.
  • Length: 5:53
Show
View Real Time Build Order
Export as new Build Order

Javert Zerg - Winner!

Build Orders: Hatch First 

Get SALT Encoding   

  12  0:01  Drone  
  13  0:13  Overlord  
  13  0:17  Drone  
  14  0:31  Drone x2  
  16  0:36  Drone  
  17  0:54  Hatchery  
  16  0:57  Drone  
  16  0:59  Extractor  
  16  1:01  Drone  
  17  1:09  Drone  
  18  1:20  Spawning Pool  
  18  1:24  Drone  
  18  1:30  Drone  
  19  1:45  Drone  
  20  1:51  Overlord  
  20  2:07  Queen  
  20  2:08  Queen  
  24  2:10  Metabolic Boost  
  24  2:11  Zergling x2  
  24  2:12  Zergling x2  
  24  2:14  Drone  
  27  2:19  Drone  
  28  2:25  Drone  
  29  2:30  Drone  
  29  2:35  Overlord  
  30  2:42  Drone  
  31  2:53  Drone  
  31  2:54  Drone  
  33  3:02  Drone x2  
  35  3:07  Queen  
  37  3:13  Hatchery  
  37  3:14  Drone x2  
  38  3:22  Overlord  
  38  3:24  Drone x5  
  43  3:33  Overlord  
  43  3:39  Overlord  
  41  3:44  Zergling x2  
  41  3:45  Zergling x4  
  41  3:48  Zergling x4  
  45  3:53  Zergling x6  
  45  3:54  Zergling x8  
  53  4:02  Lair  
  53  4:07  Drone  
  53  4:08  Baneling Nest, Drone x2  
  55  4:14  Drone  
  56  4:17  Extractor  
  56  4:23  Evolution Chamber  
  54  4:24  Drone x2  
  54  4:25  Drone x3  
  54  4:26  Evolution Chamber  
  58  4:34  Drone x6  
  64  4:39  Drone x2  
  66  4:50  Drone x3  
  68  4:57  Drone  
  68  4:58  Drone x4  
  68  5:00  Extractor  
  68  5:05  Extractor  
  68  5:11  Overlord x4  
  68  5:23  Drone x2  
  68  5:25  Overlord  
  68  5:33  Drone x5  
  68  5:40  Extractor x2  
Show
View Real Time Build Order
Export as new Build Order

Barcode Terran 

Build Orders:  

Get SALT Encoding   

  12  0:01  SCV  
  13  0:14  SCV  
  14  0:20  Supply Depot  
  14  0:27  SCV  
  15  0:31  Refinery  
  15  0:42  SCV  
  16  0:46  Barracks  
  16  0:54  SCV  
  17  1:06  SCV  
  18  1:14  Engineering Bay  
  18  1:18  SCV  
  19  1:30  SCV  
  20  1:37  Marine  
  20  1:38  Factory  
  21  1:43  SCV, Supply Depot  
  22  1:55  SCV  
  23  2:05  Marine  
  23  2:07  SCV  
  25  2:11  Refinery  
  25  2:25  Armory  
  25  2:29  Hellion, Marine  
  28  2:37  Orbital Command  
  28  2:54  Marine  
  28  2:55  Hellion  
  31  3:00  Starport  
  31  3:31  Supply Depot  
  31  3:52  SCV, Medivac, Marine  
  31  3:53  Hellion  
  37  4:05  SCV  
  37  4:08  Command Center  
  38  4:10  Marine  
  39  4:27  Bunker  
  39  4:32  Supply Depot x2, Hellion, SCV, Medivac  
  44  4:41  Barracks Tech Lab  
  44  4:44  SCV  
Tags
 
Add a new tag
Caveats
  • Supply blocks, unpowered buildings, or Contaminate may cause inaccurate times.
  • Supply counts are checked every 10 seconds.